 Dungeon Crawl Stone Soup version 0.19.4 (webtiles) character file.

306 Jynx the Chiller (level 6, -2/41 HPs)
             Began as a Vampire Ice Elementalist on Feb 1, 2017.
             Slain by a phantom (7 damage)
             ... on level 4 of the Dungeon.
             The game lasted 00:06:26 (3466 turns).

Jynx the Chiller (Vampire Ice Elementalist)         Turns: 3466, Time: 00:06:27

Health: -2/41      AC:  7    Str:  7    XL:     6   Next: 16%
Magic:  1/11       EV: 14    Int: 18    God:
Gold:   45         SH:  0    Dex: 16    Spells: 2 memorised, 8 levels left

rFire  . . .     SeeInvis +     d - +0 dagger
rCold  . . .     Gourm    .     a - +0 robe
rNeg   + . .     Faith    .     (no shield)
rPois  .         Spirit   .     (no helmet)
rElec  .         Reflect  .     (no cloak)
rCorr  .         Harm     .     (no gloves)
MR     .....                    (no boots)
Stlth  +.........               k - amulet of inaccuracy (curse)
                                (no ring)
                                e - ring of loudness (curse)

@: icy armour, slow
A: fangs 3, see invisible, unbreathing
a: Bat Form


You were on level 4 of the Dungeon.
You were not thirsty.

You visited 1 branch of the dungeon, and saw 4 of its levels.

You collected 45 gold pieces.

Inventory:

Hand Weapons
 d - a +0 dagger (weapon)
Armour
 a - a +0 robe (worn)
Jewellery
 e - a cursed ring of loudness (left hand)
 k - a cursed amulet of inaccuracy (around neck)
Scrolls
 h - 2 scrolls of recharging
 o - a scroll of teleportation {unknown}
Potions
 c - a potion of blood
 f - a potion of agility {unknown}
 g - 3 potions of flight
 i - 2 potions of curing
 j - 2 potions of haste
 l - a potion of mutation {unknown}
 m - a potion of might {unknown}
 n - a potion of magic {unknown}
Books
 b - a book of Frost

   Spells                             Type                      Level
   a - Freeze                         Ice                          1
   b - Throw Frost                    Conjuration/Ice              2
   c - Ozocubu's Armour               Charms/Ice                   3
   d - Throw Icicle                   Conjuration/Ice              4
   e - Summon Ice Beast               Ice/Summoning                4


   Skills:
 + Level 3.9 Dodging
 - Level 3.0 Stealth
 + Level 3.5 Spellcasting
   Level 0.6 Conjurations
 * Level 5.3 Ice Magic


You had 8 spell levels left.
You knew the following spells:

 Your Spells              Type           Power        Failure   Level  Hunger
a - Freeze                Ice            ###.         1%          1    None
b - Ozocubu's Armour      Chrm/Ice       ##......     17%         3    ###....


Dungeon Overview and Level Annotations

Branches:
Dungeon (4/15)
 Temple: D:4-7

Altars:
Yredelemnul

Annotations:
D:3 Grinder


Innate Abilities, Weirdness & Mutations

You have razor-sharp teeth.
You have supernaturally acute eyesight. (SInv)
You can survive without breathing.


Message History

Aim: a yak (severely wounded)
You freeze the yak.
The yak is severely wounded.
The phantom blinks!
The yak gores you!
* * * LOW HITPOINT WARNING * * *
Casting: Freeze
Confirm with . or Enter, or press ? or * to list all spells.
Aiming: Freeze
Press: ? - help, Shift-Dir - straight line, f/p - yak
Aim: a yak (severely wounded)
You freeze the yak.
The yak is almost dead.
The yak barely misses you.
The phantom blinks!
The phantom misses you. The phantom hits you!
* * * LOW HITPOINT WARNING * * *
There is a stone staircase leading up here.
The phantom hits you!
You die...

................#
................#
................# ###
###.............####.#
###...........##...#
##...#......#....#
#.######........# ##
##........#
#....@....#
##..#.W....##
#...#.YYY...###
#.............###
#................
...##............. .##
##...#.......#
##...###....+ ##).##
....#+#


You could see 3 yaks and a phantom.

Vanquished Creatures
  3 orc priests (D:3)
  Jessica (D:2)
  An orc wizard (D:4)
  6 adders
  5 gnolls
  An adder skeleton (D:4)
  4 dart slugs
  3 leopard geckos
  4 orcs (D:4)
  4 bats
  A giant cockroach (D:1)
  6 hobgoblins
  4 jackals (D:3)
  A kobold (D:1)
  A quokka (D:2)
  4 frilled lizards
  8 goblins
  2 rats (D:1)
  A spectral orc (D:4)
60 creatures vanquished.

Notes
Turn   | Place    | Note
-------+----------+-------------------------------------------
     0 | D:1      | Jynx the Vampire Ice Elementalist began the quest for the Orb.
     0 | D:1      | Reached XP level 1. HP: 13/13 MP: 3/3
   401 | D:1      | Reached XP level 2. HP: 17/19 MP: 0/5
   756 | D:1      | You fall through a shaft!
   838 | D:2      | Reached XP level 3. HP: 19/24 MP: 1/6
  1325 | D:2      | Reached skill level 4 in Ice Magic
  1591 | D:2      | Reached XP level 4. HP: 30/30 MP: 4/8
  1621 | D:2      | Noticed Jessica
  1625 | D:2      | Killed Jessica
  2003 | D:3      | Found a faded altar of an unknown god.
  2078 | D:3      | Learned a level 3 spell: Ozocubu's Armour
  2102 | D:3      | Noticed a phantom
  2669 | D:3      | Reached XP level 5. HP: 34/35 MP: 6/9
  2849 | D:3      | Reached skill level 5 in Ice Magic
  2907 | D:3      | Noticed Grinder
  3087 | D:4      | Reached XP level 6. HP: 38/41 MP: 7/10
  3324 | D:4      | Found a basalt altar of Yredelemnul.
  3439 | D:4      | Noticed a yak
  3441 | D:4      | Noticed a yak
  3454 | D:4      | Noticed a yak
  3466 | D:4      | Slain by a phantom

Skill      XL: |  1  2  3  4  5 |
---------------+----------------+-----
Ice Magic      | 4 5 |  5.3
Dodging        | 3 |  3.9
Spellcasting   | 3 |  3.5
Stealth        | |  3.0
Conjurations   | |  0.6

Action                   |  1- 3 |  4- 6 || total
-------------------------+-------+-------++-------
Melee: Dagger            |     5 |    15 ||    20
       Bite              |     1 |     1 ||     2
       Unarmed           |     1 |       ||     1
 Cast: Freeze            |    53 |    67 ||   120
       Ozocubu's Armour  |       |     2 ||     2
  Use: Scroll            |     4 |     3 ||     7
 Stab: Sleeping          |       |     1 ||     1
  Eat: Corpse            |     4 |     8 ||    12
Armor: Robe              |    10 |     1 ||    11
Dodge: Dodged            |    38 |    56 ||    94
